 Dungeon Crawl Stone Soup version 0.31-a0-728-g01b46875f1 (webtiles) character file.

Game seed: 7332295996248328498

134 Newt the Shooter (level 5, -3/35 HPs)
             Began as a Kobold Hunter on Sept 11, 2023.
             Slain by an iguana (13 damage)
             ... on level 4 of the Dungeon.
             The game lasted 00:01:58 (3128 turns).

Newt the Shooter (Kobold Hunter)                    Turns: 3128, Time: 00:01:58

Health: -3/35      AC:  4    Str:  8    XL:     5   Next: 40%
Magic:  5/5        EV: 14    Int: 11    God:
Gold:   97         SH:  5    Dex: 20    Spells: 4/4 levels left

rFire   . . .        a - +0 shortbow
rCold   . . .        (shield currently unavailable)
rNeg    . . .        c - +1 leather armour
rPois   .            (no helmet)
rElec   .            (no cloak)
rCorr   .            (no gloves)
SInv    .            (no boots)
Will    .....        g - amulet of reflection
Stlth   +++          (no ring)
HPRegen 0.25/turn    (no ring)
MPRegen 0.09/turn

%: random rage (3%), reflection
@: no status effects
A: small, no large weapons, nightstalker 3, berserk 1
a: no special abilities


You were on level 4 of the Dungeon.
You visited 1 branch of the dungeon, and saw 4 of its levels.

You collected 97 gold pieces.

Inventory:

Hand Weapons
 a - a +0 shortbow (weapon)
Armour
 c - a +1 leather armour (worn)
Jewellery
 g - an amulet of reflection (around neck)
Scrolls
 b - a scroll of butterflies
 j - a scroll of teleportation
Potions
 d - a potion of magic
 e - a potion of haste
 f - a potion of berserk rage
 h - a potion of curing
 i - a potion of heal wounds
 k - a potion of brilliance
 m - a potion of cancellation


   Skills:
 - Level 5.0 Fighting
 + Level 6.3 Ranged Weapons
 - Level 2.4 Dodging
 - Level 1.3 Stealth


You had 4 spell levels left.
You didn't know any spells.
Your spell library contained the following spells:

 Spells                   Type           Power      Damage    Failure   Level
 Ozocubu's Armour         Ice            0%         N/A       83%         3
 Ozocubu's Refrigeration  Ice            0%         4d7       100%        7


Dungeon Overview and Level Annotations

Branches:
Dungeon (4/15)
 Temple: D:4-7

Altars:
Uskayaw

Annotations:
D:4 2 transporters, blessed's ghost, amateur MiBe


Innate Abilities, Weirdness & Mutations

You are small and have problems with some larger weapons.
You are completely attuned to the shadows.
You sometimes lose your temper in combat.


Message History

You block the iguana's attack.
You shoot an arrow. The arrow barely misses the iguana.
The iguana bites you.
You shoot an arrow. The arrow barely misses the iguana.
The iguana barely misses you. The iguana bites you!
An iguana is nearby!
An iguana is nearby!
You are too injured to fight recklessly!
You are too injured to fight recklessly!
You are too injured to fight recklessly!
You are too injured to fight recklessly!
You are too injured to fight recklessly!
You are too injured to fight recklessly!
You are too injured to fight recklessly!
You are too injured to fight recklessly!
You are too injured to fight recklessly!
You are too injured to fight recklessly!
You are too injured to fight recklessly!
Unknown command.
You shoot an arrow.
The arrow hits the iguana but does no damage.
The iguana is heavily wounded.
The iguana barely misses you.
You shoot an arrow.
The arrow hits the iguana but does no damage.
The iguana is heavily wounded.
The iguana barely misses you.
You shoot an arrow. The arrow completely misses the iguana.
You block the iguana's attack.
You shoot an arrow. The arrow hits the iguana.
The iguana is almost dead.
The iguana bites you.
* * * LOW HITPOINT WARNING * * *
You shoot an arrow.
The arrow hits the iguana but does no damage.
The iguana is almost dead.
The iguana misses you. The iguana closely misses you.
You shoot an arrow. The arrow hits the iguana.
The iguana is almost dead.
The iguana bites you!
You die...

# ..#..#...
.. ##
#....#.$#
.. .##
##...#..#
.. #.##
#...#... ..
##.##
##..#©.. ..
##.#
##...####
## #.#
##........
.. ##.#
##..#......
.. ##..#
#l@########
## ....#
....##
#...###
...#
##....###
###
#......###
#
#..###...#
## ##.##
###.## ###.
#.## #..##
##... .##
##..#
##.###


You could see an iguana.

Vanquished Creatures
  A hound (D:3)
  Robin (D:2)
  2 adders
  A worm (D:4)
  2 dart slugs
  7 ball pythons
  4 endoplasms
  13 goblins
  13 hobgoblins
  4 jackals
  3 quokkas
  4 bats
  2 frilled lizards
  A kobold (D:3)
  5 rats
63 creatures vanquished.

Notes
Turn   | Place    | Note
-------+----------+-------------------------------------------
     0 | D:1      | Newt the Kobold Hunter began the quest for the Orb.
     0 | D:1      | Reached XP level 1. HP: 12/12 MP: 1/1
   199 | D:1      | Reached XP level 2. HP: 13/18 MP: 2/2
   557 | D:2      | Gained mutation: You sometimes lose your temper in combat.
                  | [potion of mutation]
   783 | D:2      | Noticed Robin
   807 | D:2      | Reached XP level 3. HP: 15/23 MP: 3/3
  1445 | D:2      | Killed Robin
  1446 | D:2      | Reached XP level 4. HP: 29/30 MP: 4/4
  2029 | D:3      | Reached skill level 5 in Fighting
  2029 | D:3      | Reached XP level 5. HP: 26/35 MP: 5/5
  2464 | D:4      | Reached skill level 6 in Ranged Weapons
  2604 | D:4      | Noticed a +0 hand axe
  2606 | D:4      | Noticed a +0 dagger
  2706 | D:4      | Found a hide-covered altar of Uskayaw.
  3099 | D:4      | Found a transporter.
  3100 | D:4      | Noticed blessed's ghost (amateur MiBe)
  3105 | D:4      | Found a transporter.
  3128 | D:4      | Slain by an iguana

Illustrated notes

Levels and vault maps discovered:
D:1:      dpeg_arrival_simpleton_c, layout_basic
D:2:      layout_basic, uniq_robin
D:3:      layout_rooms, hex_intersection
D:4:      layout_layer_cave, dancing_weapons_uskayaw, gammafunk_ghost_mausoleum

Skill      XL: |  1  2  3  4  5 |
---------------+----------------+-----
Fighting       | 3 4 5 |  5.0
Ranged Weapons | 6 |  6.3
Dodging        | |  2.4
Stealth        | |  1.3

Action                     |  1- 3 |  4- 6 || total
---------------------------+-------+-------++-------
   Fire: Shortbow          |   108 |    84 ||   192
    Use: Scroll            |     5 |     5 ||    10
         Potion            |     1 |       ||     1
 Armour: Leather armour    |    39 |    19 ||    58
  Dodge: Dodged            |    59 |    26 ||    85
  Block: Other             |       |     3 ||     3
         Reflection        |       |     1 ||     1

Table legend: (Time is in decaauts)
 A = Elapsed time spent in this place.
 B = Non-inter-level travel time spent in this place.
 C = Inter-level travel time spent in this place.
 D = Time resting spent in this place.
 E = Time spent auto-exploring this place.
 F = Levels seen in this place.
 G = Mean time per level.
                   A        B        C        D        E       F      G
               +--------+--------+--------+--------+--------+-----+--------+
         Total |   3162 |   3125 |     37 |    336 |   2421 |   4 |  790.5 |
       Dungeon |   3162 |   3125 |     37 |    336 |   2421 |   4 |  790.5 |
               +--------+--------+--------+--------+--------+-----+--------+

Top non-repeatable levels by time:
     D:2: 1284 daAuts
     D:4: 771 daAuts
     D:1: 558 daAuts
     D:3: 547 daAuts
